 Dungeon Crawl Stone Soup version 0.21.2-1-g0862bd2 (webtiles) character file.

6542 smallpebble the Cleaver (level 11, 0/95 HPs)
             Began as a Hill Orc Fighter on Apr 12, 2019.
             Was a Believer of Ru.
             Slain by a ten-headed hydra (5 damage)
             ... on level 1 of the Lair of Beasts.
             The game lasted 00:41:23 (7886 turns).

smallpebble the Cleaver (Hill Orc Fighter)          Turns: 7886, Time: 00:41:24

Health: 0/95       AC: 10    Str: 21    XL:     11   Next: 1%
Magic:  16/16      EV:  8    Int:  8    God:    Ru [**....]
Gold:   503        SH: 11    Dex: 12    Spells: 10/10 levels left

rFire    x . .     SeeInvis +   k - +2 war axe (elec)
rCold    + . .     Gourm    .   c - +0 shield
rNeg     . . .     Faith    .   b - +1 scale mail
rPois    +         Spirit   .   G - +0 helmet "Jahe" {rPois rF- SInv Stlth+}
rElec    .         Reflect  .   (no cloak)
rCorr    .         Harm     .   (no gloves)
MR       .....                  (no boots)
Stlth    +.........             q - amulet of regeneration
HPRegen  0.00/turn              l - ring of protection from cold
MPRegen  0.15/turn              (no ring)

@: no status effects
A: inhibited regeneration, unskilled 1
a: Renounce Religion


You were on level 1 of the Lair of Beasts.
You worshipped Ru.
Ru was pleased with you.
You were not hungry.

You visited 3 branches of the dungeon, and saw 10 of its levels.
You also visited: Sewer.

You collected 536 gold pieces.
You spent 33 gold pieces at shops.

Inventory:

Hand Weapons
 a - a +0 war axe
 k - a +2 war axe of electrocution (weapon)
Armour
 b - a +1 scale mail (worn)
 c - a +0 shield (worn)
 w - a +0 plate armour
 z - a +0 hat
 G - the +0 helmet "Jahe" (worn) {rPois rF- SInv Stlth+}
   (You found it on level 6 of the Dungeon)

   It makes you vulnerable to fire.
   It protects you from poison.
   It lets you see invisible.
   It makes you more stealthy.
 H - a +0 leather armour
Jewellery
 l - a ring of protection from cold (left hand)
 q - an amulet of regeneration (around neck)
 s - an uncursed amulet of rage
Wands
 y - a wand of iceblast (8)
 C - a wand of polymorph (16)
 D - a wand of enslavement (12)
Scrolls
 h - 2 scrolls of identify
 j - a scroll of blinking
 m - 3 scrolls of teleportation
 p - 8 scrolls of remove curse
 x - 3 scrolls of enchant armour
 B - a scroll of noise {unknown}
 E - 2 scrolls of fog {unknown}
 F - 4 scrolls of amnesia
 K - a scroll of vulnerability {unknown}
Potions
 d - 2 potions of might
 e - a potion of resistance
 g - 7 potions of curing
 i - 4 potions of heal wounds
 n - 2 potions of haste
 r - 2 potions of mutation {unknown}
 t - 2 potions of berserk rage {unknown}
 u - a potion of agility {unknown}
 v - a potion of brilliance {unknown}
 A - 2 potions of flight
 I - a potion of lignification {unknown}
Books
 o - a book of Callings

   Spells                             Type                      Level
   a - Summon Small Mammal            Summoning                    1
   b - Call Imp                       Summoning                    2
   c - Call Canine Familiar           Summoning                    3
   d - Summon Guardian Golem          Hexes/Summoning              3
   e - Summon Lightning Spire         Summoning/Air                4
   f - Summon Ice Beast               Ice/Summoning                4
 J - the Reference Book on Conjuration and Companions
   (You found it on level 1 of the Lair of Beasts)

   Spells                             Type                      Level
   a - Shock                          Conjuration/Air              1
   b - Searing Ray                    Conjuration                  2
   c - Mephitic Cloud                 Conjuration/Poison/Air       3
   d - Venom Bolt                     Conjuration/Poison           5
   e - Summon Forest                  Summoning/Translocation      5
 L - a Young Poisoner's Handbook

   Spells                             Type                      Level
   a - Sting                          Conjuration/Poison           1
   b - Poisonous Vapours              Poison/Air                   2
   c - Mephitic Cloud                 Conjuration/Poison/Air       3
   d - Olgreb's Toxic Radiance        Poison                       4
   e - Venom Bolt                     Conjuration/Poison           5
Comestibles
 f - 9 rations


   Skills:
 * Level 8.7 Fighting
 + Level 10.2 Axes
 + Level 6.9 Armour
 - Level 0.1 Dodging
 + Level 7.1 Shields
 - Level 7.2 Evocations


You had 10 spell levels left.
You didn't know any spells.

Dungeon Overview and Level Annotations

Branches:
Dungeon (8/15)             Temple (1/1) D:5            Lair (1/6) D:8

Altars:
Ashenzari
Cheibriados
Dithmenos
Elyvilon
Fedhas
Gozag
Hepliaklqana
Kikubaaqudgha
Makhleb
Nemelex Xobeh
Okawaru
Qazlal
Ru
Sif Muna
Trog
Uskayaw
Vehumet
Wu Jian
Xom
Yredelemnul
Zin
The Shining One

Shops:
D:4 ?   D:7 (


Innate Abilities, Weirdness & Mutations

You do not regenerate when monsters are visible.
You are somewhat unskilled. (-1 Apt)


Message History

Evoke which item? (* to show all) (? for menu, Esc to quit)
Aiming: Iceblast
Press: ? - help, Shift-Dir - straight line The mass of ice explodes!
The iceblast engulfs the ten-headed hydra.
The ten-headed hydra is severely wounded.
You hear an angry hiss.
The ten-headed hydra closely misses you.
You block the ten-headed hydra's attack. x2
The ten-headed hydra bites you.
* * * LOW HITPOINT WARNING * * *
The ten-headed hydra bites you!
* * * LOW HITPOINT WARNING * * *
The ten-headed hydra bites you but does no damage.
You block the ten-headed hydra's attack.
The ten-headed hydra bites you but does no damage.
The ten-headed hydra bites you!
* * * LOW HITPOINT WARNING * * *
The ten-headed hydra bites you.
You die...

#P# ## #.. .###. ##. .... ### #..
...##.####### ##..
###.#........##### #...
##................# #...
#.................## #...
#...........D@....# ###.
###.................# ##
#.##..................# # .#
#.................## ######
.###..................###....####
.##..................###.......##
....##.............#####.........
.....#............## ##..........
.###...#P###### ##...........


You could see a ten-headed hydra.

Vanquished Creatures
  A two-headed ogre (D:8)
  3 hippogriffs
  Sigmund (D:2)
  8 yaks (Lair:1)
  A hungry ghost (D:7)
  The ghost of Ratty the Tormented, an amateur DsNe of Kikubaaqudgha (D:4)
  A water moccasin (D:7)
  4 porcupines (D:8)
  3 ice beasts (D:7)
  5 black bears
  A phantom (D:4)
  2 ogres
  4 crocodiles
  A centaur (D:7)
  2 big kobolds
  5 bullfrogs
  3 scorpions
  3 wights (D:8)
  A howler monkey (D:6)
  A crimson imp (D:5)
  7 hounds
  7 orc wizards
  A centaur skeleton (D:7)
  Jessica (D:3)
  5 worker ants
  Ijyb (D:3)
  Natasha (thrice) (D:3 D:6)
  A hound skeleton (D:8)
  A hound zombie (D:6)
  2 worker ant zombies
  2 gnolls (D:4)
  10 adders
  A river rat (Sewer)
  3 shadow imps
  3 adder skeletons
  6 worms
  A dart slug (D:1)
  7 leopard geckos
  15 orcs
  3 ball pythons
  7 bats
  5 giant cockroaches
  9 goblins
  7 hobgoblins
  2 jackals (Sewer)
  10 quokkas
  3 frilled lizards
  A jackal skeleton (D:4)
  16 kobolds
  A leopard gecko skeleton (D:7)
  A leopard gecko zombie (D:8)
  13 rats
  2 fungi (D:8)
  8 plants (D:4)
216 creatures vanquished.

Vanquished Creatures (collateral kills)
  A black mamba (Lair:1)
1 creature vanquished.

Vanquished Creatures (others)
  A necrophage (D:8)
  9 fungi (D:8)
  4 plants (D:8)
14 creatures vanquished.

Grand Total: 231 creatures vanquished

Notes
Turn   | Place    | Note
-------+----------+-------------------------------------------
     0 | D:1      | smallpebble the Hill Orc Fighter began the quest for the Orb.
     0 | D:1      | Reached XP level 1. HP: 19/19 MP: 1/1
    97 | D:1      | Reached XP level 2. HP: 27/27 MP: 2/2
   630 | D:1      | Reached skill level 3 in Axes
   661 | D:1      | Reached XP level 3. HP: 33/33 MP: 3/3
  1169 | D:2      | Noticed Sigmund
  1184 | D:2      | Killed Sigmund
  1184 | D:2      | Reached skill level 6 in Axes
  1184 | D:2      | Reached XP level 4. HP: 23/40 MP: 4/4
  1184 | D:2      | Reached XP level 5. HP: 26/46 MP: 5/5
  1557 | D:2      | Reached skill level 7 in Axes
  1557 | D:2      | Reached XP level 6. HP: 49/52 MP: 6/6
  1848 | D:3      | Found a shattered altar of Ashenzari.
  1860 | D:3      | Noticed Natasha
  1864 | D:3      | Killed Natasha
  1966 | D:3      | Noticed Jessica
  1973 | D:3      | Killed Jessica
  2389 | D:3      | Reached skill level 8 in Axes
  2736 | D:3      | Noticed Ijyb
  2739 | D:3      | Killed Ijyb
  3034 | D:4      | Noticed Ratty's ghost (amateur DsNe)
  3042 | D:4      | Killed Ratty's ghost
  3042 | D:4      | Reached XP level 7. HP: 48/60 MP: 7/7
  3051 | D:4      | Reached skill level 5 in Fighting
  3517 | D:4      | Found a snail-covered altar of Cheibriados.
  3517 | D:4      | Found a shadowy altar of Dithmenos.
  3519 | D:4      | Found an iron altar of Okawaru.
  3519 | D:4      | Found a hazy altar of Hepliaklqana.
  3521 | D:4      | Found a glowing silver altar of Zin.
  3521 | D:4      | Found a sparkling altar of Nemelex Xobeh.
  3721 | D:4      | Found Veghits's Magic Scroll Shoppe.
  3729 | D:4      | Bought a scroll of teleportation for 33 gold pieces
  3782 | D:5      | Entered Level 5 of the Dungeon
  3782 | D:5      | Found a staircase to the Ecumenical Temple.
  3864 | Temple   | Entered the Ecumenical Temple
  3950 | Temple   | Became a worshipper of Ru the Awakened
  3993 | D:5      | Found a glowing drain.
  4039 | D:5      | Reached skill level 5 in Shields
  4071 | D:5      | Reached XP level 8. HP: 68/69 MP: 8/8
  4275 | D:5      | Reached skill level 9 in Axes
  4275 | D:5      | Reached skill level 5 in Armour
  4372 | Sewer    | Entered a sewer
  4490 | Sewer    | Found a glowing silver altar of Zin.
  4656 | D:6      | Noticed Natasha
  4661 | D:6      | Killed Natasha
  4661 | D:6      | Noticed Natasha
  4667 | D:6      | Killed Natasha
  4825 | D:6      | Gained mutation: You are somewhat unskilled. (-1 Apt) [Ru sacrifice]
  4825 | D:6      | Reduced skill Fighting to level 5
  4825 | D:6      | Reduced skill Axes to level 8
  4825 | D:6      | Reached * piety under Ru
  4825 | D:6      | Reached ** piety under Ru
  5087 | D:6      | Got a jewelled helmet
  5088 | D:6      | Identified the +0 helmet "Jahe" {rPois rF- SInv Stlth+} (You found it on level 6 of the Dungeon)
  5612 | D:7      | Reached skill level 9 in Axes
  5717 | D:7      | Found Keacyzoag's Weapon Emporium.
  5726 | D:7      | Reached XP level 9. HP: 75/75 MP: 9/9
  5851 | D:7      | Reached skill level 1 in Evocations
  6361 | D:8      | Reached skill level 5 in Evocations
  6488 | D:8      | Noticed a two-headed ogre
  6494 | D:8      | Killed a two-headed ogre
  6494 | D:8      | Reached XP level 10. HP: 56/84 MP: 13/15
  6832 | D:8      | Found a shimmering altar of Xom.
  6833 | D:8      | Found a shimmering altar of Xom.
  6834 | D:8      | Gained mutation: You do not regenerate when monsters are visible. [Ru sacrifice]
  6835 | D:8      | Found a shimmering altar of Xom.
  6835 | D:8      | Found a shimmering altar of Xom.
  6835 | D:8      | Found a shimmering altar of Xom.
  6864 | D:8      | Found a shimmering altar of Xom.
  6888 | D:8      | Found a staircase to the Lair.
  7065 | Lair:1   | Entered Level 1 of the Lair of Beasts
  7162 | Lair:1   | Identified the Reference Book on Conjuration and Companions
  7295 | Lair:1   | Reached skill level 10 in Axes
  7700 | Lair:1   | Noticed an eight-headed hydra
  7711 | Lair:1   | Noticed a black mamba
  7711 | Lair:1   | HP: 3/88 [water moccasin (3)]
  7874 | Lair:1   | Killed a black mamba
  7874 | Lair:1   | Reached XP level 11. HP: 95/95 MP: 16/16
  7886 | Lair:1   | Slain by a ten-headed hydra

Skill      XL: |  1  2  3  4  5  6  7  8  9 10 |
---------------+-------------------------------+-----
Fighting       | 4 5 6 8 |  8.7
Axes           | 3 6 7 8 9 10 | 10.2
Shields        | 4 5 7 |  7.1
Armour         | 4 5 6 |  6.9
Evocations     | 7 |  7.2
Dodging        | |  0.1

Action                   |  1- 3 |  4- 6 |  7- 9 | 10-12 || total
-------------------------+-------+-------+-------+-------++-------
Melee: War axe           |   121 |    93 |   254 |   110 ||   578
Invok: Sacrifice Skill   |       |       |     1 |       ||     1
       Sacrifice Purity  |       |       |       |     1 ||     1
Evoke: Wand              |       |       |    53 |     2 ||    55
  Use: Scroll            |     1 |       |    11 |     2 ||    14
       Potion            |       |     5 |       |     1 ||     6
  Eat: Chunk             |     1 |     2 |     3 |       ||     6
       Ration            |       |     1 |     5 |     1 ||     7
Armor: Scale mail        |    55 |    23 |    68 |    49 ||   195
Dodge: Dodged            |    53 |    24 |    38 |    38 ||   153
Block: Shield            |    63 |    42 |    91 |    60 ||   256
